 Dungeon Crawl Stone Soup version 0.28.0 (webtiles) character file.

Game seed: 2292305481496854858

409 growler the Gusty (level 6, -4/32 HPs)
             Began as a Tengu Air Elementalist on Feb 4, 2022.
             Was an Initiate of Vehumet.
             Slain by Grinder (7 damage)
             ... while paralysed by Grinder
             ... on level 4 of the Dungeon.
             The game lasted 00:09:36 (4457 turns).

growler the Gusty (Tengu Air Elementalist)          Turns: 4457, Time: 00:09:37

Health: -4/32      AC:  4    Str:  8    XL:     6   Next: 89%
Magic:  13/13      EV:  2    Int: 18    God:    Vehumet [......]
Gold:   157        SH:  0    Dex: 14    Spells: 3/13 levels left

rFire   . . .      SeeInvis .   r - +2 dagger (venom)
rCold   . . .      Faith    .   (no shield)
rNeg    . . .      Spirit   .   a - +0 robe
rPois   .          Reflect  .   (helmet restricted)
rElec   .          Harm     .   (no cloak)
rCorr   .          Rampage  .   h - +1 Delatra's gloves {ID++}
Will    .....                   (boots unavailable)
Stlth   ++........              (no amulet)
HPRegen 0.10/turn               (no ring)
MPRegen 0.13/turn               (no ring)

@: paralysed, flying quickly and evasively, hasted, quick
A: beak, talons 3, nimble flight
a: Renounce Religion


You were on level 4 of the Dungeon.
You worshipped Vehumet.
Vehumet was noncommittal.
You visited 1 branch of the dungeon, and saw 4 of its levels.
You also visited: Sewer.

You collected 157 gold pieces.

Inventory:

Hand Weapons
 r - a +2 dagger of venom (weapon)
   (You took it off a goblin on level 4 of the Dungeon)
Armour
 a - a +0 robe (worn)
 h - the +1 Delatra's gloves (worn) {ID++}
   (You found it on level 2 of the Dungeon)

   It heals its wearer when they drink unknown potions.
   It restores its wearer's MP when they read unknown scrolls.
 i - a +0 kite shield
   (You found it on level 2 of the Dungeon)
Jewellery
 q - a ring of fire
   (You found it on level 3 of the Dungeon)
Scrolls
 c - a scroll of vulnerability {unknown}
 d - a scroll of identify {@r1}
 e - 2 scrolls of amnesia {unknown}
 n - a scroll of fog
 p - a scroll of teleportation {unknown}
Potions
 f - 2 potions of might {unknown}
 g - 2 potions of curing {@q1}
 j - 2 potions of haste {@q3}
 l - a potion of resistance {unknown}
 m - a potion of berserk rage
 o - a potion of heal wounds {unknown}


   Skills:
 - Level 2.1 Dodging
 - Level 2.0 Stealth
 + Level 4.1 Spellcasting
 + Level 5.2 Conjurations
 + Level 6.5 Air Magic


You had 3 spell levels left.
You knew the following spells:

 Your Spells              Type           Power      Damage    Failure   Level
a - Shock                 Conj/Air       96%        1d9       1%          1
b - Airstrike             Air            13%        N/A       10%         4
d - Static Discharge      Conj/Air       24%        N/A       1%          2
s - Swiftness             Air            27%        N/A       3%          3

Your spell library contained the following spells:

 Spells                   Type           Power      Damage    Failure   Level
 Foxfire                  Conj/Fire      52%        2x1d6     4%          1


Dungeon Overview and Level Annotations

Branches:
Dungeon (4/15)              Sewer (visited)
 Temple: D:4-7

Altars:
Ashenzari
Cheibriados
Elyvilon
Hepliaklqana
Nemelex Xobeh
Okawaru
Trog
Vehumet
Wu Jian

Shops:
D:1 (   D:3 *=?

Annotations:
D:4 Grinder


Innate Abilities, Weirdness & Mutations

You have a beak for a mouth.
You have claws for feet.
Your magical nature lets you fly swiftly and evasively.


Message History

The spell is quite dangerous to miscast (12% risk of failure)!
Continue anyway?
Aim: Grinder (empty space bonus: 5/8)
The air twists around and strikes Grinder!
The spell is quite dangerous to miscast (12% risk of failure)!
Continue anyway?
Aim: Grinder (heavily wounded, empty space bonus: 5/8)
The air twists around and strikes Grinder!
Grinder blinks!
The ball python closely misses you. The ball python completely misses you.
You hit the ball python.
You kill the ball python!
Vehumet accepts your kill.
Your magical contamination has completely faded away.
Duvessa hits you with a +3 rapier.
Duvessa is struck by an arc of lightning.
You are struck by an arc of lightning.
The lightning grounds out.
Duvessa hits you with a +3 rapier.
Duvessa is struck by an arc of lightning!
You are struck by an arc of lightning.
Duvessa is struck by an arc of lightning.
The lightning grounds out.
Duvessa hits you with a +3 rapier!
* * * LOW HITPOINT WARNING * * *
Duvessa is struck by an arc of lightning.
You are struck by an arc of lightning.
* * * LOW HITPOINT WARNING * * *
The lightning grounds out.
Duvessa hits you with a +3 rapier!
* * * LOW HITPOINT WARNING * * *
It was a potion of haste.
You feel yourself speed up.
The energy of discovery flows from your fingertips!
You feel much better. Duvessa closely misses you.
Grinder blinks!
You hit Duvessa but do no damage.
Duvessa is poisoned.
Duvessa hits you with a +3 rapier!
You kill Duvessa!
Vehumet accepts your kill.
You hear a distant wail of despair.
Your Spellcasting skill increases to level 4!
Your Conjurations skill increases to level 5!
As you read the scroll labelled SONLIDYECA, it crumbles to dust.
The scroll dissolves into smoke.
It was a scroll of fog.
The energy of discovery flows from your fingertips!
Magic courses through your body. Grinder gestures at you.
You suddenly lose the ability to move!
Grinder hits you. x2
* * * LOW HITPOINT WARNING * * *
You writhe in agony.
* * * LOW HITPOINT WARNING * * *
Grinder hits you.
* * * LOW HITPOINT WARNING * * *
Grinder hits you!
You die...

e.... ....# ...
#... ##### ##.#
..##.# #...####..#
#..... #...§†...##
#... #.§..#####
###. #§§.## #
#######. #§§5#
......... #§§@#
#.#####.† ##§§#
#.# ##... ##§#
#..##..#.
#§#########....##.
#§§...............
#...##########.#..
#.....######...#..
#...#........###..
#...###.....####..


You could see Grinder.

Vanquished Creatures
  Duvessa (D:4)
  A scorpion (D:4)
  A hound (D:4)
  An iguana (D:4)
  2 orc wizards (D:3)
  5 adders
  2 worms
  3 dart slugs
  4 orcs (D:3)
  6 ball pythons
  9 bats
  5 endoplasms
  3 giant cockroaches
  6 goblins
  5 hobgoblins
  5 jackals
  4 kobolds
  6 quokkas
  8 frilled lizards
  8 rats
85 creatures vanquished.

Vanquished Creatures (others)
  A fungus (D:1)
  8 toadstools (D:4)
9 creatures vanquished.

Grand Total: 94 creatures vanquished

Notes
Turn   | Place    | Note
-------+----------+-------------------------------------------
     0 | D:1      | growler the Tengu Air Elementalist began the quest for the
                  | Orb.
     0 | D:1      | Reached XP level 1. HP: 10/10 MP: 4/4
   257 | D:1      | Found Hetha's Weapon Shoppe.
   336 | D:1      | Found a faded altar of an unknown god.
   341 | D:1      | Reached XP level 2. HP: 15/15 MP: 3/6
   344 | D:1      | Learned a level 2 spell: Static Discharge
   479 | D:1      | Got Plato's Guide on the Volcanoes
   839 | D:1      | Reached XP level 3. HP: 18/19 MP: 2/7
   844 | D:1      | Learned a level 3 spell: Swiftness
  2169 | D:2      | Reached XP level 4. HP: 21/24 MP: 3/9
  2293 | D:2      | Found the +1 Delatra's gloves {ID++}
  2427 | D:2      | Reached skill level 5 in Air Magic
  2822 | D:3      | Found Qutwyec's Magic Scroll Shoppe.
  2853 | D:3      | Found a white marble altar of Elyvilon.
  2887 | D:3      | Found a glowing drain.
  2939 | Sewer    | Entered a sewer
  3168 | Sewer    | Gained mutation: Your magical nature lets you fly swiftly
                  | and evasively. [Tengu growth]
  3168 | Sewer    | Reached XP level 5. HP: 22/28 MP: 5/10
  3418 | D:3      | Found a bloodstained altar of Trog.
  3421 | D:3      | Found an iron altar of Okawaru.
  3422 | D:3      | Found a sparkling altar of Nemelex Xobeh.
  3422 | D:3      | Found a radiant altar of Vehumet.
  3424 | D:3      | Found an ornate altar of the Wu Jian Council.
  3425 | D:3      | Found a hazy altar of Hepliaklqana.
  3430 | D:3      | Became a worshipper of Vehumet
  3501 | D:3      | Found Liavox's General Store.
  3557 | D:3      | Found a snail-covered altar of Cheibriados.
  3557 | D:3      | Found a broken altar of Ashenzari.
  3589 | D:3      | HP: 1/28 [something/puff of flame (12)]
  3958 | D:3      | Found Geicutil's Jewellery Emporium.
  4071 | D:4      | Learned a level 4 spell: Airstrike
  4122 | D:4      | Reached skill level 6 in Air Magic
  4122 | D:4      | Reached XP level 6. HP: 26/32 MP: 7/12
  4424 | D:4      | Noticed Duvessa
  4427 | D:4      | Noticed Grinder
  4448 | D:4      | Killed Duvessa
  4449 | D:4      | Reached skill level 5 in Conjurations
  4452 | D:4      | Paralysed by Grinder for 6 turns
  4457 | D:4      | Slain by Grinder

Illustrated notes

Levels and vault maps discovered:
D:1:      lightli_arrival_isolated_outpost, layout_loops_ring, serial_shops,
          nicolae_shop_bloodbath_and_beyond, shapermc_ecumenical_altar_rom_forum
D:2:      layout_loops_ring
D:3:      layout_loops_ring, mainiacjoe_overflow_surrounded_room,
          grunt_temple_overflow_open, mainiacjoe_overflow_large_starburst,
          serial_shops, shop, shop, nicolae_shop_crystal, portal_sewer_entry_f
D:4:      cheibrodos_fertilizer, layout_rooms, enter_ossuary_2, uniq_duvessa,
          uniq_grinder, uniq_sigmund

Skill      XL: |  1  2  3  4  5  6 |
---------------+-------------------+-----
Conjurations   | 2 3 4 5 |  5.2
Air Magic      | 5 6 |  6.5
Spellcasting   | 3 4 |  4.1
Dodging        | |  2.1
Stealth        | |  2.0

Action                   |  1- 3 |  4- 6 || total
-------------------------+-------+-------++-------
Melee: Dagger            |    36 |    60 ||    96
       Kick              |    10 |    15 ||    25
       Peck              |     1 |    10 ||    11
       Punch             |       |     1 ||     1
 Cast: Shock             |    37 |    32 ||    69
       Static Discharge  |     9 |    26 ||    35
       Airstrike         |       |     3 ||     3
  Use: Potion            |       |     2 ||     2
       Scroll            |       |     2 ||     2
 Stab: Sleeping          |     3 |     4 ||     7
Armor: Robe              |    13 |    22 ||    35
Dodge: Dodged            |    20 |    46 ||    66
